 Dungeon Crawl Stone Soup version 0.27.0-1-g7a089689b8 (webtiles) character file.

Game seed: 14605306652482935250

383 horus123 the Sneak (level 6, -9/32 HPs)
             Began as a Vine Stalker Brigand on Aug 8, 2021.
             Was a Follower of Wu Jian.
             Mangled by an iguana (11 damage)
             ... on level 4 of the Dungeon.
             The game lasted 00:10:40 (3006 turns).

horus123 the Sneak (Vine Stalker Brigand)           Turns: 3006, Time: 00:10:41

Health: -9/32      AC:  3    Str: 14    XL:     6   Next: 76%
Magic:  0/16       EV: 16    Int: 11    God:    Wu Jian [*.....]
Gold:   184        SH:  0    Dex: 17    Spells: 5/5 levels left

rFire    . . .     SeeInvis .   a - +2 dagger
rCold    . . .     Faith    .   (no shield)
rNeg     . . .     Spirit   +   b - +0 robe
rPois    .         Reflect  .   (no helmet)
rElec    .         Harm     .   c - +0 cloak
rCorr    .         Rampage  .   (no gloves)
Will     .....                  (no boots)
Stlth    ++........             (no amulet)
HPRegen  1.10/turn              f - ring of magical power
MPRegen  0.15/turn              j - +4 ring of evasion

@: lit by a corona, glowing
A: fangs 2, regeneration 1, magic shield, antimagic bite, no potion heal 2
a: Renounce Religion


You were on level 4 of the Dungeon.
You worshipped Wu Jian.
Wu Jian was aware of your devotion.
You visited 1 branch of the dungeon, and saw 4 of its levels.

You collected 184 gold pieces.

Inventory:

Hand Weapons
 a - a +2 dagger (weapon)
 h - a +0 antimagic dagger
 p - a +0 rapier
Missiles
 d - 22 poisoned darts (quivered)
 e - 2 curare-tipped darts
Armour
 b - a +0 robe (worn)
 c - a +0 cloak (worn)
Jewellery
 f - a ring of magical power (left hand)
 j - a +4 ring of evasion (right hand)
 k - a ring of resist corrosion
Wands
 o - a wand of digging (4)
Potions
 g - a potion of flight {unknown}
 i - 2 potions of invisibility {unknown}
 l - a potion of curing {unknown}
 m - a potion of heal wounds {unknown}
 n - a potion of attraction {unknown}


   Skills:
 + Level 2.5 Fighting
 + Level 3.6 Short Blades
 + Level 2.0 Throwing
 + Level 2.3 Dodging
 * Level 7.3 Stealth


You had 5 spell levels left.
You didn't know any spells.
Your spell library contained the following spells:

 Spells                   Type           Power      Damage    Failure   Level
 Blink                    Tloc           N/A        N/A       47%         2
 Gell's Gravitas          Tloc           0%         N/A       71%         3
 Lesser Beckoning         Tloc           0%         N/A       71%         3
 Teleport Other           Tloc           0%         N/A       71%         3
 Manifold Assault         Tloc           0%         N/A       100%        5
 Dispersal                Tloc           0%         N/A       100%        6


Dungeon Overview and Level Annotations

Branches:
Dungeon (4/15)
 Temple: D:4-7

Altars:
Qazlal
Wu Jian


Innate Abilities, Weirdness & Mutations

You have extremely sharp teeth.
Your natural rate of healing is unusually fast.
When hurt, damage is shared between your health and your magic reserves.
Your bite disrupts and absorbs the magic of your enemies.
Potions cannot restore your health.


Message History

Found a rapier.
The gnoll shaman calls upon its god to speed up something.
The gnoll shaman calls upon its god to speed up the gnoll.
Found 11 gold pieces.
The orc priest mumbles some strange prayers to Beogh against you.
Beogh smites you!
You see here a +0 rapier.
p - a +0 rapier The iguana bites you but does no damage.
A hobgoblin comes into view.
The hobgoblin shouts!
Something hits you but does no damage.
Found 9 gold pieces.
You hear some strange, mumbled words.
A puff of flame appears from out of thin air!
The puff of flame misses you.
The orc priest invokes the aid of Beogh against you.
Beogh smites you!
* * * LOW HITPOINT WARNING * * *
A ball python comes into view.
The hobgoblin closely misses you.
You hear some strange, mumbled words.
A magic dart appears from out of thin air!
The magic dart hits you!
* * * LOW HITPOINT WARNING * * *
You see here 11 gold pieces.
Unknown command.
You spin and attack the ball python.
You hit the ball python. You bite the ball python.
You kill the ball python!
The Council accepts your kill. Something hits you.
* * * LOW HITPOINT WARNING * * *
You hit something but do no damage.
You hear some strange, mumbled words.
A magic dart appears from out of thin air!
The magic dart hits you.
* * * LOW HITPOINT WARNING * * *
The iguana bites you!
You die...

#...###......####..##.#...#
...# ####.#### #..))....##
.. #.........####..## .
###......## #...# .
##..##...# #....#
..####.......## ### .##
..............# .. ...
.............## #... ...
.......@{.....##$.# ##
.......gl......#..# #.#
........†.........####..
..........o............#
............g....#......
............g........##.
.................#...##.
..............g..#..##g.
.......................


You could see a gnoll shaman, an iguana, an orc priest, 2 gnolls and a
hobgoblin.

Vanquished Creatures
  Purgy (D:3)
  An ogre (D:3)
  Ijyb (D:3)
  5 gnolls
  2 adders (D:3)
  An adder skeleton (D:4)
  2 worms
  A dart slug (D:3)
  5 orcs (D:4)
  6 ball pythons
  2 bats (D:1)
  6 endoplasms
  13 giant cockroaches
  7 goblins
  9 hobgoblins
  10 jackals
  A quokka (D:3)
  3 frilled lizards
  6 kobolds
  6 rats
88 creatures vanquished.

Vanquished Creatures (others)
  5 plants (D:3)
  4 toadstools (D:1)
9 creatures vanquished.

Grand Total: 97 creatures vanquished

Notes
Turn   | Place    | Note
-------+----------+-------------------------------------------
     0 | D:1      | horus123 the Vine Stalker Brigand began the quest for the
                  | Orb.
     0 | D:1      | Reached XP level 1. HP: 11/11 MP: 2/2
   122 | D:1      | Reached skill level 5 in Stealth
   127 | D:1      | Reached skill level 1 in Dodging
   148 | D:1      | Reached XP level 2. HP: 15/15 MP: 3/3
   313 | D:1      | Found a faded altar of an unknown god.
   315 | D:1      | Noticed a great orb of eyes
   316 | D:1      | Noticed a floating eye
   316 | D:1      | Noticed an eye of devastation
   316 | D:1      | Noticed a floating eye
   758 | D:2      | Reached XP level 3. HP: 18/18 MP: 4/4
   856 | D:2      | Reached skill level 6 in Stealth
  1593 | D:3      | Found an ornate altar of the Wu Jian Council.
  1616 | D:3      | Became a worshipper of the Wu Jian Council
  1666 | D:3      | Gained mutation: Your natural rate of healing is unusually
                  | fast. [Vine Stalker growth]
  1666 | D:3      | Reached XP level 4. HP: 23/23 MP: 5/5
  1970 | D:3      | Found a stormy altar of Qazlal.
  2211 | D:3      | Noticed Ijyb
  2216 | D:3      | Killed Ijyb
  2264 | D:3      | Reached XP level 5. HP: 20/26 MP: 5/6
  2274 | D:3      | Noticed Purgy
  2293 | D:3      | Reached * piety under Wu Jian
  2427 | D:3      | Killed Purgy
  2428 | D:3      | Reached skill level 7 in Stealth
  2428 | D:3      | Reached XP level 6. HP: 17/30 MP: 7/7
  3002 | D:4      | HP: 1/32 [something/magic dart (8)]
  3006 | D:4      | Mangled by an iguana

Illustrated notes

Levels and vault maps discovered:
D:1:      ldierk_water_garden, layout_basic,
          hellmonk_ecumenical_altar_watching_god, minmay_cut_off
D:2:      layout_basic, minmay_misc_feat_roman
D:3:      minmay_roachtagon, layout_loops_ring, lemuel_doored_altar,
          grunt_qazlal_sundering, grunt_decor_junction, minmay_misc_feat_plants,
          serial_bayou_pond_c, kennysheep_donut, kennysheep_potato, uniq_purgy,
          uniq_ijyb
D:4:      layout_cave_pools, serial_bayou_pond_d

Skill      XL: |  1  2  3  4  5  6 |
---------------+-------------------+-----
Stealth        | 5 6 7 |  7.3
Dodging        | 1 2 |  2.3
Short Blades   | 2 3 |  3.6
Fighting       | 2 |  2.5
Throwing       | 2 |  2.0

Action                   |  1- 3 |  4- 6 || total
-------------------------+-------+-------++-------
Melee: Dagger            |   112 |   253 ||   365
       Bite              |    28 |    71 ||    99
Throw: Dart              |       |     7 ||     7
Invok: Lunge             |     1 |    14 ||    15
       Whirlwind         |       |    74 ||    74
  Use: Scroll            |     2 |       ||     2
 Stab: Sleeping          |     9 |     4 ||    13
       Distracted        |       |     1 ||     1
Armor: Robe              |    23 |    30 ||    53
Dodge: Dodged            |    74 |   176 ||   250
